| TOP OF THE 1ST |
|
Norfolk Tides batting - Pitching for Nashville Sounds : RHP Jalen Cobbins
|
|
Pitching: RHP Jalen Cobbins
|
|
|
Batting: RHB Tony Godley
|
0-0: Ball 1-0: Ball 2-0: Ground out 6-3 (Groundball, 56, EV 84.4 MPH)
|
|
Batting: RHB Antonio Gamez
|
0-0: Swinging Strike 0-1: Foul Ball, location: 2F 0-2: Strikes out swinging
|
|
Batting: RHB Kaoru Toda
|
0-0: Ball 1-0: Ground out 6-3 (Groundball, 56, EV 92.5 MPH)
|
| Top of the 1st over - 0 runs, 0 hits, 0 errors, 0 left on base; Norfolk 0 - Nashville 0 |
| BOTTOM OF THE 1ST |
|
Nashville Sounds batting - Pitching for Norfolk Tides : RHP Andy Rondeau
|
|
Pitching: RHP Andy Rondeau
|
|
|
Batting: SHB Robert Santiago
|
0-0: Ball 1-0: Ball 2-0: Ground out 5-3 (Groundball, 5, EV 82.5 MPH)
|
|
Batting: RHB Yonetoshi Muranaka
|
0-0: Fly out, F9 (Flyball, 89S, EV 90.6 MPH)
|
|
Batting: RHB Tim Cordle
|
0-0: Ground out 6-3 (Groundball, 6, EV 86.2 MPH)
|
| Bottom of the 1st over - 0 runs, 0 hits, 0 errors, 0 left on base; Norfolk 0 - Nashville 0 |
| TOP OF THE 2ND |
|
Norfolk Tides batting - Pitching for Nashville Sounds : RHP Jalen Cobbins
|
|
Batting: LHB Wes Goscinski
|
0-0: Called Strike 0-1: Ball 1-1: Ball 2-1: Swinging Strike 2-2: Foul Ball, location: 2F 2-2: Strikes out looking
|
|
Batting: RHB Steve Jones
|
0-0: Ball 1-0: Swinging Strike 1-1: SINGLE (Groundball, 6D, EV 100.6 MPH)
|
|
Batting: RHB John Gray
|
0-0: Called Strike Steve Jones steals 2nd base 0-1: Fly out, F7 (Flyball, 7, EV 90.0 MPH)
|
|
Batting: LHB Justin Moore
|
0-0: Ball 1-0: Foul Ball, location: 2F 1-1: SINGLE (Groundball, 4MD, EV 103.1 MPH) Steve Jones to third Runner from 3rd tries for Home, throw by CF and OUT! 8-2
|
| Top of the 2nd over - 0 runs, 2 hits, 0 errors, 1 left on base; Norfolk 0 - Nashville 0 |
| BOTTOM OF THE 2ND |
|
Nashville Sounds batting - Pitching for Norfolk Tides : RHP Andy Rondeau
|
|
Batting: RHB Bill Cabrera
|
0-0: Ball 1-0: Ball 2-0: SINGLE (Groundball, 34D, EV 98.1 MPH)
|
|
Batting: RHB David Herrera
|
0-0: Swinging Strike 0-1: Ball 1-1: Ball 2-1: Ball 3-1: SINGLE (Groundball, 6MD, EV 100.0 MPH) Bill Cabrera to second
|
|
Batting: LHB Al Hernandez
|
0-0: Ball 1-0: Ball 2-0: SINGLE (Groundball, 4MD, EV 98.8 MPH) Bill Cabrera to third David Herrera to second
|
|
Batting: LHB Ben Goldstein
|
0-0: Swinging Strike 0-1: Called Strike 0-2: Ball 1-2: SINGLE (Line Drive, 34D, EV 95.6 MPH) Bill Cabrera scores David Herrera to third Al Hernandez to second
|
|
Batting: RHB Wade Diamond
|
0-0: Ball 1-0: Swinging Strike 1-1: SINGLE (Line Drive, 8RS, EV 105.0 MPH) David Herrera scores Al Hernandez to third Ben Goldstein to second
|
|
Batting: RHB Tony Crespo
|
0-0: Ball 1-0: Ball 2-0: Foul Ball, location: 2F 2-1: Foul Ball, location: 2F 2-2: Ball 3-2: Fly out, F8 (Flyball, 8LS, EV 83.8 MPH)
|
|
Batting: SHB Robert Santiago
|
0-0: Ball 1-0: Ball 2-0: Ball 3-0: Base on Balls Al Hernandez scores Ben Goldstein to third Wade Diamond to second
|
|
Batting: RHB Yonetoshi Muranaka
|
0-0: Ball 1-0: Foul Ball, location: 2F 1-1: Fielders Choice at 2nd, 4-6 (Groundball, 4, EV 82.5 MPH) Ben Goldstein scores Wade Diamond to third
|
|
Batting: RHB Tim Cordle
|
0-0: Ball 1-0: Ball 2-0: Ball 3-0: Called Strike 3-1: SINGLE (Line Drive, 8LS, EV 90.6 MPH) Wade Diamond scores Yonetoshi Muranaka to second
|
|
Pitching: LHP Kichisaburo Sakuma
|
|
|
Batting: RHB Bill Cabrera
|
0-0: Foul Ball, location: 2F 0-1: Ball 1-1: SINGLE (Line Drive, 4D, EV 100.6 MPH) Yonetoshi Muranaka to third Tim Cordle to second
|
|
Batting: RHB David Herrera
|
0-0: Called Strike 0-1: SINGLE (Line Drive, 7LS, EV 106.2 MPH) Yonetoshi Muranaka scores Tim Cordle to third Bill Cabrera to second Runner from 3rd tries for Home, SAFE, throw by LF to home
|
|
Batting: LHB Al Hernandez
|
0-0: Ball 1-0: Swinging Strike 1-1: DOUBLE (Groundball, 3L, EV 103.8 MPH) Bill Cabrera scores David Herrera to third
|
|
Batting: LHB Ben Goldstein
|
0-0: SINGLE (Groundball, 6MD, EV 93.8 MPH) David Herrera scores Al Hernandez to third Runner from 3rd tries for Home, SAFE, throw by CF to home
|
|
Batting: RHB Wade Diamond
|
0-0: Fielders Choice at 2nd, 6-4 (Groundball, 6, EV 81.2 MPH)
|
| Bottom of the 2nd over - 10 runs, 10 hits, 0 errors, 1 left on base; Norfolk 0 - Nashville 10 |
| TOP OF THE 3RD |
|
Norfolk Tides batting - Pitching for Nashville Sounds : RHP Jalen Cobbins
|
|
Batting: RHB Ismael Macedo
|
0-0: Called Strike 0-1: Fly out, F8 (Line Drive, 8LM, EV 93.8 MPH)
|
|
Batting: RHB Matt Berrier
|
0-0: Ball 1-0: Called Strike 1-1: Ground out 4-3 (Groundball, 4M, EV 78.1 MPH)
|
|
Batting: RHB Tony Godley
|
0-0: Fly out, F8 (Flyball, 8RM, EV 93.1 MPH)
|
| Top of the 3rd over - 0 runs, 0 hits, 0 errors, 0 left on base; Norfolk 0 - Nashville 10 |
| BOTTOM OF THE 3RD |
|
Nashville Sounds batting - Pitching for Norfolk Tides : LHP Kichisaburo Sakuma
|
|
Batting: RHB Tony Crespo
|
0-0: Ball 1-0: Called Strike 1-1: Foul Ball, location: 2F 1-2: Strikes out swinging
|
|
Batting: SHB Robert Santiago
|
0-0: Ground out 4-3 (Groundball, 13, EV 89.4 MPH)
|
|
Batting: RHB Yonetoshi Muranaka
|
0-0: Called Strike 0-1: Ball 1-1: Fly out, F9 (Flyball, 9, EV 94.4 MPH)
|
| Bottom of the 3rd over - 0 runs, 0 hits, 0 errors, 0 left on base; Norfolk 0 - Nashville 10 |
| TOP OF THE 4TH |
|
Norfolk Tides batting - Pitching for Nashville Sounds : RHP Jalen Cobbins
|
|
Batting: RHB Antonio Gamez
|
0-0: Ball 1-0: Foul Ball, location: 2F 1-1: Foul Ball, location: 2F 1-2: Ball 2-2: Strikes out swinging
|
|
Batting: RHB Kaoru Toda
|
0-0: Ball 1-0: Ball 2-0: Ball 3-0: Base on Balls
|
|
Batting: LHB Wes Goscinski
|
0-0: Ball Kaoru Toda steals 2nd, throwing error, E2 Kaoru Toda to third 1-0: SINGLE (Flyball, 34D, EV 96.2 MPH) Kaoru Toda scores
|
|
Batting: RHB Steve Jones
|
0-0: Ball 1-0: Foul Ball, location: 2F 1-1: Fly out, F9 (Flyball, 89D, EV 93.8 MPH)
|
|
Batting: RHB John Gray
|
0-0: Ball 1-0: Foul Ball, location: 2F 1-1: Swinging Strike 1-2: Foul Ball, location: 2F 1-2: Strikes out swinging
|
| Top of the 4th over - 1 run, 1 hit, 1 error, 1 left on base; Norfolk 1 - Nashville 10 |
| BOTTOM OF THE 4TH |
|
Nashville Sounds batting - Pitching for Norfolk Tides : LHP Kichisaburo Sakuma
|
|
Batting: RHB Tim Cordle
|
0-0: Called Strike 0-1: Ground out U3 (Groundball, 3, EV 86.9 MPH)
|
|
Batting: RHB Bill Cabrera
|
0-0: Ball 1-0: Ball 2-0: Ball 3-0: Called Strike 3-1: DOUBLE (Flyball, 89D, EV 114.4 MPH)
|
|
Batting: RHB David Herrera
|
0-0: Called Strike 0-1: Fly out, F9 (Flyball, 89S, EV 89.4 MPH)
|
|
Batting: LHB Al Hernandez
|
0-0: SINGLE (Line Drive, 34, EV 100.6 MPH) Bill Cabrera to third
|
|
Batting: LHB Ben Goldstein
|
0-0: Fielders Choice at 2nd, U4 (Groundball, 4M, EV 81.9 MPH)
|
| Bottom of the 4th over - 0 runs, 2 hits, 0 errors, 2 left on base; Norfolk 1 - Nashville 10 |
| TOP OF THE 5TH |
|
Norfolk Tides batting - Pitching for Nashville Sounds : RHP Jalen Cobbins
|
|
Batting: LHB Justin Moore
|
0-0: Ball 1-0: Ground out 4-3 (Groundball, 4, EV 83.8 MPH)
|
|
Batting: RHB Ismael Macedo
|
0-0: Called Strike 0-1: Ball 1-1: SINGLE (Groundball, 6D, EV 110.0 MPH)
|
|
Batting: RHB Matt Berrier
|
0-0: Called Strike 0-1: Ball 1-1: Swinging Strike 1-2: Ball 2-2: Foul Ball, location: 2F 2-2: Foul Ball, location: 2F 2-2: Ball Ismael Macedo steals 2nd base 3-2: Strikes out swinging
|
|
Batting: RHB Tony Godley
|
0-0: Ball 1-0: Called Strike 1-1: Foul Ball, location: 2F 1-2: 2-RUN HOME RUN (Flyball, 7D, EV 105.6 MPH), Distance : 409 ft
|
|
Batting: RHB Antonio Gamez
|
0-0: Foul Ball, location: 2F 0-1: Ball 1-1: Ball 2-1: Fly out, F9 (Line Drive, 9, EV 100.0 MPH)
|
| Top of the 5th over - 2 runs, 2 hits, 0 errors, 0 left on base; Norfolk 3 - Nashville 10 |
| BOTTOM OF THE 5TH |
|
Nashville Sounds batting - Pitching for Norfolk Tides : LHP Kichisaburo Sakuma
|
|
Batting: RHB Wade Diamond
|
0-0: Ball 1-0: Ball 2-0: Ball 3-0: Called Strike 3-1: Base on Balls
|
|
Batting: RHB Tony Crespo
|
0-0: Called Strike 0-1: Grounds into double play, 1-4-3 (Groundball, 15S, EV 69.4 MPH)
|
|
Batting: SHB Robert Santiago
|
0-0: Ground out 6-3 (Groundball, 6, EV 76.9 MPH)
|
| Bottom of the 5th over - 0 runs, 0 hits, 0 errors, 0 left on base; Norfolk 3 - Nashville 10 |
| TOP OF THE 6TH |
|
Norfolk Tides batting - Pitching for Nashville Sounds : RHP Jalen Cobbins
|
|
Batting: RHB Kaoru Toda
|
0-0: Foul Ball, location: 2F 0-1: Ball 1-1: Called Strike 1-2: Ball 2-2: Foul Ball, location: 2F 2-2: Ball 3-2: Hit by Pitch
|
|
Batting: LHB Wes Goscinski
|
0-0: Called Strike 0-1: Swinging Strike 0-2: Strikes out swinging
|
|
Batting: RHB Steve Jones
|
0-0: Called Strike Kaoru Toda steals 2nd base 0-1: Fly out, F8 (Flyball, 8LD, EV 104.4 MPH)
|
|
Batting: RHB John Gray
|
0-0: Ball 1-0: Foul Ball, location: 2F 1-1: Ball 2-1: Ball 3-1: Fly out, F7 (Flyball, 7, EV 88.1 MPH)
|
| Top of the 6th over - 0 runs, 0 hits, 0 errors, 1 left on base; Norfolk 3 - Nashville 10 |
| BOTTOM OF THE 6TH |
|
Nashville Sounds batting - Pitching for Norfolk Tides : LHP Kichisaburo Sakuma
|
|
Batting: RHB Yonetoshi Muranaka
|
0-0: Called Strike 0-1: Fly out, F3 (Popup, 3SF, EV 68.8 MPH)
|
|
Batting: RHB Tim Cordle
|
0-0: Foul Ball, location: 2F 0-1: Ground out 5-3 (Groundball, 5L, EV 93.1 MPH)
|
|
Batting: RHB Bill Cabrera
|
0-0: Foul Ball, location: 2F 0-1: Foul Ball, location: 2F 0-2: Ball 1-2: Ground out 6-3 (Groundball, 6S, EV 83.8 MPH)
|
| Bottom of the 6th over - 0 runs, 0 hits, 0 errors, 0 left on base; Norfolk 3 - Nashville 10 |
| TOP OF THE 7TH |
|
Norfolk Tides batting - Pitching for Nashville Sounds : RHP Jalen Cobbins
|
|
Batting: LHB Justin Moore
|
0-0: Ball 1-0: Foul Ball, location: 2F 1-1: Foul Ball, location: 2F 1-2: Ball 2-2: Strikes out looking
|
|
Batting: RHB Ismael Macedo
|
0-0: Ball 1-0: Ball 2-0: Called Strike 2-1: Foul Ball, location: 2F 2-2: Fly out, F8 (Flyball, 8LM, EV 81.2 MPH)
|
|
Batting: RHB Matt Berrier
|
0-0: Ball 1-0: Hit by Pitch
|
|
Pitching: RHP Jesus Gonzales
|
|
|
Batting: RHB Tony Godley
|
0-0: Foul Ball, location: 2F 0-1: Ball Wild Pitch! Matt Berrier to second 1-1: Foul Ball, location: 2F 1-2: Ball 2-2: Ball 3-2: Base on Balls
|
|
Batting: RHB Antonio Gamez
|
0-0: Called Strike 0-1: Fly out, F8 (Flyball, 8LM, EV 81.9 MPH)
|
| Top of the 7th over - 0 runs, 0 hits, 0 errors, 2 left on base; Norfolk 3 - Nashville 10 |
| BOTTOM OF THE 7TH |
|
Nashville Sounds batting - Pitching for Norfolk Tides : LHP Kichisaburo Sakuma
|
|
Pinch Hitting: RHB Scott Wiggs
|
0-0: Ball 1-0: Ball 2-0: Ball 3-0: Called Strike 3-1: SINGLE (Groundball, 4, EV 105.6 MPH)
|
|
Batting: LHB Al Hernandez
|
0-0: Foul Ball, location: 2F 0-1: Swinging Strike 0-2: Ball 1-2: Foul Ball, location: 2F 1-2: Strikes out swinging
|
|
Pitching: RHP Shane Kruger
|
|
|
Batting: LHB Ben Goldstein
|
0-0: Fly out, F8 (Flyball, 8LM, EV 93.1 MPH)
|
|
Batting: RHB Wade Diamond
|
0-0: Ball 1-0: Swinging Strike 1-1: Called Strike 1-2: Foul Ball, location: 2F 1-2: Ground out U3 (Groundball, 34, EV 86.2 MPH)
|
| Bottom of the 7th over - 0 runs, 1 hit, 0 errors, 1 left on base; Norfolk 3 - Nashville 10 |
| TOP OF THE 8TH |
|
Norfolk Tides batting - Pitching for Nashville Sounds : RHP Jesus Gonzales
|
|
Now at 1B: Zachary DeLuca
|
|
|
Batting: RHB Kaoru Toda
|
0-0: Ball 1-0: SINGLE (Groundball, 6MD, EV 106.2 MPH)
|
|
Batting: LHB Wes Goscinski
|
0-0: Called Strike 0-1: Ball 1-1: Foul Ball, location: 2F 1-2: Reached on error, E1 (Groundball, 13S, EV 72.5 MPH) Kaoru Toda to second
|
|
Batting: RHB Steve Jones
|
0-0: Called Strike 0-1: Ball 1-1: Foul Ball, location: 2F 1-2: Strikes out looking
|
|
Pinch Hitting: SHB Ben Pierce
|
0-0: Called Strike 0-1: Foul Ball, location: 2F 0-2: Fly out, F6 (Line Drive, 6D, EV 68.1 MPH)
|
|
Batting: LHB Justin Moore
|
0-0: Ball 1-0: Swinging Strike 1-1: Foul Ball, location: 2F 1-2: Foul Ball, location: 2F 1-2: Foul Ball, location: 2F 1-2: Foul Ball, location: 2F 1-2: Strikes out looking
|
| Top of the 8th over - 0 runs, 1 hit, 1 error, 2 left on base; Norfolk 3 - Nashville 10 |
| BOTTOM OF THE 8TH |
|
Nashville Sounds batting - Pitching for Norfolk Tides : RHP Shane Kruger
|
|
Now at 1B: Ben Pierce
|
|
|
Now in LF: Justin Moore
|
|
|
Batting: RHB Tony Crespo
|
0-0: Swinging Strike 0-1: Ball 1-1: Called Strike 1-2: Ball 2-2: Ball 3-2: Ground out 4-3 (Groundball, 4M, EV 83.8 MPH)
|
|
Batting: SHB Robert Santiago
|
0-0: Ball 1-0: Foul Ball, location: 2F 1-1: Foul Ball, location: 2F 1-2: Ball 2-2: Ball 3-2: Foul Ball, location: 2F 3-2: Base on Balls
|
|
Batting: RHB Yonetoshi Muranaka
|
0-0: Foul Ball, location: 2F 0-1: Ball 1-1: Fly out, F8 (Flyball, 8RD, EV 101.9 MPH)
|
|
Batting: RHB Tim Cordle
|
0-0: Called Strike 0-1: Fly out, F7 (Flyball, 7S, EV 90.0 MPH)
|
| Bottom of the 8th over - 0 runs, 0 hits, 0 errors, 1 left on base; Norfolk 3 - Nashville 10 |
| TOP OF THE 9TH |
|
Norfolk Tides batting - Pitching for Nashville Sounds : RHP Jesus Gonzales
|
|
Batting: RHB Ismael Macedo
|
0-0: Called Strike 0-1: Foul Ball, location: 2F 0-2: Ball 1-2: Foul Ball, location: 2F 1-2: Strikes out swinging, 2-3 out at first.
|
|
Pinch Hitting: LHB Keith Long
|
0-0: Called Strike 0-1: Swinging Strike 0-2: Foul Ball, location: 2F 0-2: Ball 1-2: Strikes out swinging
|
|
Batting: RHB Tony Godley
|
0-0: Called Strike 0-1: Ball 1-1: Ball 2-1: Foul Ball, location: 2F 2-2: Foul Ball, location: 2F 2-2: Strikes out swinging
|
| Top of the 9th over - 0 runs, 0 hits, 0 errors, 0 left on base; Norfolk 3 - Nashville 10 |
|